Unix NetHack Version 3.7.0-97 Work-in-progress - last build Feb 8 2024 15:05:57 (6d6cdf8371b60126770a3d7b88910941cb14a054,branch:master). Game began 2024-02-15 11:07:42, ended 2024-02-15 11:21:08. elenmirie, neutral female gnomish Archeologist --------- |.......| |......{| |.......| ---------- -------- ##........| +........| |..(...+ # --.------ |........- |...{..|## ####### ### |.:@.....| |.......########## # ##-.d......| |......| # # # |........| |....<.+##### # #### ---------- -------- ## # ---.------# |.........# |......>.| |........| |........| |........| ---------- Elenmirie the Field Worker St:12 Dx:10 Co:12 In:15 Wi:16 Ch:11 Neutral Dlvl:5 $:51 HP:0(25) Pw:18(18) AC:8 Xp:3/76 T:1877 Burdened Latest messages: The wererat misses Yermak. Yermak bites the wererat. The wererat is killed! You find a hidden passage. You swap places with Yermak. That door is closed. That door is closed. The door resists! The door opens. Suddenly, you notice a rock piercer. Yermak bites the rock piercer. The rock piercer misses Yermak. Yermak misses the rock piercer. Yermak misses the rock piercer. Yermak misses the rock piercer. Yermak misses the rock piercer. Yermak bites the rock piercer. Yermak misses the rock piercer. Yermak misses the rock piercer. Yermak bites the rock piercer. The rock piercer bites Yermak. You lash the rock piercer. You miss the rock piercer. The rock piercer bites! You lash the rock piercer. You lash the rock piercer. You miss the rock piercer. Yermak misses the iguana. Yermak misses the iguana. Yermak misses the iguana. You miss the rock piercer. Yermak misses the iguana. Yermak misses the iguana. You kill the rock piercer! Yermak misses the iguana. Yermak bites the iguana. You lash the iguana. The iguana bites! Yermak misses the iguana. Yermak misses the iguana. Yermak bites the iguana. The iguana bites Yermak. You miss the iguana. The iguana bites! You die... Do you want your possessions identified? [ynq] (y) y Do you want to see your attributes? [ynq] (y) y Do you want an account of creatures vanquished? [ynaq] (y) y Do you want to see your conduct and achievements? [ynq] (y) y Do you want to see the dungeon overview? [ynq] (y) y Inventory: Coins $ - 51 gold pieces Amulets j - an uncursed amulet of magical breathing (being worn) Weapons a - an uncursed +2 bullwhip (weapon in right hand) Armor c - a blessed +0 fedora x - an uncursed +0 orcish helm (being worn) b - an uncursed +0 leather jacket (being worn) Comestibles d - 7 uncursed food rations Scrolls I - an uncursed scroll of gold detection Rings k - a blessed +1 ring of increase accuracy (on right hand) Wands o - an uncursed wand of nothing (0:9) Tools s - an empty cursed bag of holding w - an uncursed sack containing 15 items n - a cursed bugle e - an uncursed +0 pick-axe (alternate weapon; not wielded) t - an uncursed tinning kit (0:46) Gems/Stones g - an uncursed touchstone Contents of the sack: a blessed scroll of amnesia an uncursed scroll of confuse monster a cursed scroll of create monster a blessed scroll of enchant armor an uncursed scroll of enchant armor an uncursed scroll of enchant weapon a cursed scroll of identify an uncursed scroll of punishment an uncursed scroll of remove curse an uncursed scroll of teleportation an uncursed spellbook of healing an uncursed potion of healing an uncursed potion of object detection an uncursed potion of oil an uncursed potion of sickness Elenmirie the Archeologist's attributes: Background: You were a Field Worker, a level 3 female gnomish Archeologist. You were neutral, nominally on a mission for Camaxtli who was opposed by Quetzalcoatl (lawful) and Huhetotl (chaotic). You were right-handed. You were in the Dungeons of Doom, on level 5. You entered the dungeon 1877 turns ago. You had 76 experience points, 4 more were needed to attain level 4. Basics: You had 0 out of 25 hit points. You had all 18 energy points (spell power). Your armor class was 8. Your wallet contained 51 zorkmids. Autopickup was on for '$' plus thrown. Final Characteristics: Your strength was 12 (limit:18/50). Your dexterity was 10 (limit:18). Your constitution was 12 (limit:18). Your intelligence was 15 (limit:19). Your wisdom was 16 (limit:18). Your charisma was 11 (limit:18). Final Status: You weren't hungry. You were burdened; movement was slightly slowed. You were wielding a whip. You had basic skill with whip. Final Attributes: You were devoutly aligned. You had automatic searching. You had infravision. You could survive without air. You had a small bonus to hit (+1). You are dead. Miscellaneous: You never encountered a bones level. Total elapsed playing time was 13 minutes and 25 seconds. Major events: Turn 1: elenmirie the neutral female gnomish Archeologist entered the dungeon 931: attained the rank of Field Worker (level 3) 1877: killed by an iguana Vanquished creatures: a rock piercer a straw golem a giant bat a wererat an iguana a hobbit 3 giant rats a yellow mold a gnome a gecko 7 jackals a fox 2 kobolds 3 goblins 4 sewer rats 3 grid bugs 2 lichens 5 newts 39 creatures vanquished. No species were genocided or became extinct. Voluntary challenges: You were an atheist. You read items or engraved 1 time. You never engraved Elbereth. You never genocided any monsters. You never polymorphed an object. You never changed form. You used no wishes. Achievement: You attained the rank of Field Worker. The Dungeons of Doom: levels 1 to 5 Level 1: Level 2: A fountain. Level 3: Level 4: Level 5: <- You were here. A fountain, a sink. Final resting place for you, killed by an iguana. Game over: ---------- / \ / REST \ / IN \ / PEACE \ / \ | elenmirie | | 51 Au | | killed by an | | iguana | | | | | | 2024 | *| * * * | * _________)/\\_//(\/(/\)/\//\/|_)_______ Goodbye elenmirie the Archeologist... You died in The Dungeons of Doom on dungeon level 5 with 550 points, and 51 pieces of gold, after 1877 moves. You were level 3 with a maximum of 25 hit points when you died.